TOP OF THE 1ST |
University of Alabama Crimson Tide batting - Pitching for University of Conneticut Huskies : RHP Jose Rios
|
Pitching: RHP Jose Rios
|
|
Batting: RHB Tony Vasquez
|
0-0: Called Strike 0-1: Ball 1-1: Foul Ball, location: 2F 1-2: Ball 2-2: SOLO HOME RUN (Flyball, 78XD, EV 110.0 MPH), Distance : 433 ft
|
Batting: RHB Juan Araiza
|
0-0: Called Strike 0-1: Called Strike 0-2: Ball 1-2: Ball 2-2: Fly out, F7 (Flyball, 78S, EV 86.9 MPH)
|
Batting: RHB Hughie Withers
|
0-0: Ball 1-0: Called Strike 1-1: Foul Ball, location: 2F 1-2: Ball 2-2: SINGLE (Groundball, 56, EV 95.0 MPH) (infield hit)
|
Batting: LHB Danny Schultz
|
0-0: Ball 1-0: Ball 2-0: Called Strike 2-1: Foul Ball, location: 2F 2-2: Foul Ball, location: 2F 2-2: Foul Ball, location: 2F 2-2: Foul Ball, location: 2F 2-2: Fly out, F7 (Line Drive, 7S, EV 92.5 MPH)
|
Batting: RHB Matt Williams
|
0-0: Ball 1-0: Swinging Strike 1-1: Ball 2-1: Ground out 5-3 (Groundball, 25, EV 86.2 MPH)
|
Top of the 1st over - 1 run, 2 hits, 0 errors, 1 left on base; University of Alabama 1 - University of Conneticut 0 |
BOTTOM OF THE 1ST |
University of Conneticut Huskies batting - Pitching for University of Alabama Crimson Tide : RHP Kirk James
|
Pitching: RHP Kirk James
|
|
Batting: RHB Victor Nava
|
0-0: Ball 1-0: Called Strike 1-1: Foul Ball, location: 2F 1-2: Strikes out swinging
|
Batting: RHB Kyle Finney
|
0-0: Ball 1-0: Called Strike 1-1: Swinging Strike 1-2: Strikes out swinging
|
Batting: LHB Hector Acosta
|
0-0: Called Strike 0-1: Swinging Strike 0-2: Strikes out looking
|
Bottom of the 1st over - 0 runs, 0 hits, 0 errors, 0 left on base; University of Alabama 1 - University of Conneticut 0 |
TOP OF THE 2ND |
University of Alabama Crimson Tide batting - Pitching for University of Conneticut Huskies : RHP Jose Rios
|
Batting: RHB Larry Brown
|
0-0: Called Strike 0-1: Ball 1-1: Called Strike 1-2: Foul Ball, location: 2F 1-2: Strikes out swinging, 2-3 out at first.
|
Batting: RHB Gustavo Delgado
|
0-0: Foul Ball, location: 2F 0-1: Fly out, F3 (Popup, 23F, EV 83.1 MPH)
|
Batting: LHB Brian Van
|
0-0: Ball 1-0: Called Strike 1-1: Fly out, F5 (Popup, 5F, EV 73.1 MPH)
|
Top of the 2nd over - 0 runs, 0 hits, 0 errors, 0 left on base; University of Alabama 1 - University of Conneticut 0 |
BOTTOM OF THE 2ND |
University of Conneticut Huskies batting - Pitching for University of Alabama Crimson Tide : RHP Kirk James
|
Batting: RHB Cullen Elliott
|
0-0: Foul Ball, location: 2F 0-1: Ball 1-1: Swinging Strike 1-2: Ball 2-2: Ball 3-2: Fly out, F8 (Flyball, 8RM, EV 93.1 MPH)
|
Batting: LHB Omar Alba
|
0-0: Ground out 6-3 (Groundball, 6, EV 103.1 MPH)
|
Batting: LHB Andrew Barzee
|
0-0: Ball 1-0: Called Strike 1-1: Foul Ball, location: 2F 1-2: Ball 2-2: Strikes out swinging, 2-3 out at first.
|
Bottom of the 2nd over - 0 runs, 0 hits, 0 errors, 0 left on base; University of Alabama 1 - University of Conneticut 0 |
TOP OF THE 3RD |
University of Alabama Crimson Tide batting - Pitching for University of Conneticut Huskies : RHP Jose Rios
|
Batting: RHB B.J. Clark
|
0-0: Called Strike 0-1: Ball 1-1: SINGLE (Groundball, 6MD, EV 104.4 MPH) (infield hit)
|
Batting: RHB Tony Vasquez
|
0-0: Ball 1-0: Called Strike 1-1: Foul Ball, location: 2F 1-2: Ball 2-2: Fly out, F9 (Line Drive, 9, EV 99.4 MPH)
|
Batting: RHB Juan Araiza
|
0-0: Ball B.J. Clark steals 2nd base 1-0: Called Strike 1-1: Called Strike 1-2: Ball 2-2: Strikes out swinging
|
Batting: RHB Hughie Withers
|
0-0: Ball 1-0: Ball 2-0: Ball 3-0: Called Strike 3-1: Fly out, F7 (Line Drive, 78M, EV 102.5 MPH)
|
Top of the 3rd over - 0 runs, 1 hit, 0 errors, 1 left on base; University of Alabama 1 - University of Conneticut 0 |
BOTTOM OF THE 3RD |
University of Conneticut Huskies batting - Pitching for University of Alabama Crimson Tide : RHP Kirk James
|
Batting: RHB Jack Vokey
|
0-0: Called Strike 0-1: Ball 1-1: Ball 2-1: SINGLE (Groundball, 5, EV 98.1 MPH)
|
Batting: RHB Lee Wilbur
|
0-0: Called Strike 0-1: Ball 1-1: Called Strike 1-2: Foul Ball, location: 2F 1-2: Ball 2-2: Strikes out swinging
|
Batting: SHB Ismael Vega
|
0-0: Ball Jack Vokey steals 2nd, throwing error, E2 Jack Vokey to third 1-0: Called Strike 1-1: Foul Ball, location: 2F 1-2: Ball 2-2: Strikes out looking
|
Batting: RHB Victor Nava
|
0-0: Called Strike 0-1: Ball 1-1: Swinging Strike 1-2: Foul Ball, location: 2F 1-2: Strikes out swinging
|
Bottom of the 3rd over - 0 runs, 1 hit, 1 error, 1 left on base; University of Alabama 1 - University of Conneticut 0 |
TOP OF THE 4TH |
University of Alabama Crimson Tide batting - Pitching for University of Conneticut Huskies : RHP Jose Rios
|
Batting: LHB Danny Schultz
|
0-0: Ball 1-0: Ground out U3 (Groundball, 3, EV 98.1 MPH)
|
Batting: RHB Matt Williams
|
0-0: Swinging Strike 0-1: Ball 1-1: Ball 2-1: Ground out 4-3 (Groundball, 4, EV 79.4 MPH)
|
Batting: RHB Larry Brown
|
0-0: Ball 1-0: Ball 2-0: Ball 3-0: Base on Balls
|
Batting: RHB Gustavo Delgado
|
0-0: Called Strike 0-1: Foul Ball, location: 2F 0-2: Ball 1-2: Foul Ball, location: 2F 1-2: Fielders Choice at 2nd, 6-4 (Groundball, 6, EV 84.4 MPH)
|
Top of the 4th over - 0 runs, 0 hits, 0 errors, 1 left on base; University of Alabama 1 - University of Conneticut 0 |
BOTTOM OF THE 4TH |
University of Conneticut Huskies batting - Pitching for University of Alabama Crimson Tide : RHP Kirk James
|
Batting: RHB Kyle Finney
|
0-0: Ball 1-0: Ground out 5-3 (Groundball, 56, EV 90.0 MPH)
|
Batting: LHB Hector Acosta
|
0-0: Called Strike 0-1: Ground out U3 (Groundball, 3, EV 80.6 MPH)
|
Batting: RHB Cullen Elliott
|
0-0: Ball 1-0: Ball 2-0: Swinging Strike 2-1: Ball 3-1: Foul Ball, location: 2F 3-2: Foul Ball, location: 2F 3-2: Base on Balls
|
Batting: LHB Omar Alba
|
0-0: Called Strike Cullen Elliott is caught stealing 2nd base 2-6
|
Bottom of the 4th over - 0 runs, 0 hits, 0 errors, 0 left on base; University of Alabama 1 - University of Conneticut 0 |
TOP OF THE 5TH |
University of Alabama Crimson Tide batting - Pitching for University of Conneticut Huskies : RHP Jose Rios
|
Batting: LHB Brian Van
|
0-0: Ball 1-0: Ground out 4-3 (Groundball, 4, EV 102.5 MPH)
|
Batting: RHB B.J. Clark
|
0-0: Ball 1-0: Ball 2-0: Called Strike 2-1: Called Strike 2-2: Ball 3-2: Base on Balls
|
Pitching: RHP Miguel Perez
|
|
Batting: RHB Tony Vasquez
|
0-0: Called Strike B.J. Clark steals 2nd base 0-1: Called Strike 0-2: Ball Wild Pitch! B.J. Clark to third 1-2: SINGLE (Line Drive, 5D, EV 94.4 MPH) B.J. Clark scores
|
Batting: RHB Juan Araiza
|
0-0: Called Strike 0-1: Ball 1-1: Ball Tony Vasquez is caught stealing 2nd base 2-4 2-1: Swinging Strike 2-2: DOUBLE (Line Drive, 5D, EV 95.6 MPH)
|
Batting: RHB Hughie Withers
|
0-0: Called Strike 0-1: Ground out 5-3 (Groundball, 5, EV 95.0 MPH)
|
Top of the 5th over - 1 run, 2 hits, 0 errors, 1 left on base; University of Alabama 2 - University of Conneticut 0 |
BOTTOM OF THE 5TH |
University of Conneticut Huskies batting - Pitching for University of Alabama Crimson Tide : RHP Kirk James
|
Batting: LHB Omar Alba
|
0-0: Ball 1-0: Ball 2-0: Ball 3-0: Base on Balls
|
Batting: LHB Andrew Barzee
|
0-0: Ball 1-0: Fly out, F8 (Line Drive, 8LM, EV 98.1 MPH)
|
Batting: RHB Jack Vokey
|
0-0: Ball 1-0: Called Strike 1-1: Foul Ball, location: 2F 1-2: Ball 2-2: Strikes out swinging
|
Batting: RHB Lee Wilbur
|
0-0: Ball 1-0: Ground out 5-3 (Groundball, 56S, EV 68.8 MPH)
|
Bottom of the 5th over - 0 runs, 0 hits, 0 errors, 1 left on base; University of Alabama 2 - University of Conneticut 0 |
TOP OF THE 6TH |
University of Alabama Crimson Tide batting - Pitching for University of Conneticut Huskies : RHP Miguel Perez
|
Batting: LHB Danny Schultz
|
0-0: Ball 1-0: Foul Ball, location: 2F 1-1: Ball 2-1: Foul Ball, location: 2F 2-2: Fly out, F3 (Popup, 34S, EV 62.5 MPH)
|
Batting: RHB Matt Williams
|
0-0: Fly out, F8 (Flyball, 8RS, EV 88.8 MPH)
|
Batting: RHB Larry Brown
|
0-0: Ball 1-0: Foul Ball, location: 2F 1-1: Ball 2-1: Foul Ball, location: 2F 2-2: Foul Ball, location: 2F 2-2: Reached on error, E5 (Groundball, 56S, EV 85.6 MPH)
|
Pinch Hitting: LHB Platon Protopsaltis
|
0-0: Fly out, F8 (Flyball, 8RM, EV 78.8 MPH)
|
Top of the 6th over - 0 runs, 0 hits, 1 error, 1 left on base; University of Alabama 2 - University of Conneticut 0 |
BOTTOM OF THE 6TH |
University of Conneticut Huskies batting - Pitching for University of Alabama Crimson Tide : RHP Kirk James
|
Now at 1B: Onorato Zacagnini
|
|
Batting: SHB Ismael Vega
|
0-0: Called Strike 0-1: Foul Ball, location: 2F 0-2: Strikes out swinging
|
Batting: RHB Victor Nava
|
0-0: Ball 1-0: Called Strike 1-1: SINGLE (Groundball, 56D, EV 93.8 MPH)
|
Batting: RHB Kyle Finney
|
0-0: Ball 1-0: Ball 2-0: Ball 3-0: Called Strike 3-1: Foul Ball, location: 2F 3-2: SINGLE (Groundball, 56S, EV 75.6 MPH) (infield hit) Victor Nava to second
|
Pitching: LHP Robby Ramires
|
|
Batting: LHB Hector Acosta
|
0-0: Ball 1-0: Ball 2-0: Called Strike 2-1: Called Strike 2-2: Foul Ball, location: 2F 2-2: Ball 3-2: Strikes out swinging
|
Batting: RHB Cullen Elliott
|
0-0: Ball 1-0: Swinging Strike 1-1: TRIPLE (Flyball, 78XD, EV 106.9 MPH) Victor Nava scores Kyle Finney scores
|
Batting: LHB Omar Alba
|
0-0: Foul Ball, location: 2F 0-1: Swinging Strike 0-2: Strikes out looking
|
Bottom of the 6th over - 2 runs, 3 hits, 0 errors, 1 left on base; University of Alabama 2 - University of Conneticut 2 |
TOP OF THE 7TH |
University of Alabama Crimson Tide batting - Pitching for University of Conneticut Huskies : RHP Miguel Perez
|
Pinch Hitting: LHB Yu-shu Ni
|
0-0: Ball 1-0: Swinging Strike 1-1: Foul Ball, location: 2F 1-2: Fly out, F8 (Flyball, 89M, EV 93.8 MPH)
|
Pinch Hitting: LHB Dallas Shaw
|
0-0: Ball 1-0: Called Strike 1-1: Foul Ball, location: 2F 1-2: Reached on error, E4 (Groundball, 4S, EV 70.6 MPH)
|
Pinch Hitting: LHB Matt Barkley
|
0-0: Ball 1-0: Ball 2-0: Foul Ball, location: 2F 2-1: Ground out 3-1 (Groundball, 34S, EV 86.2 MPH) Dallas Shaw to third
|
Batting: RHB Fernando Reyes
|
0-0: Ground out 4-3 (Groundball, 4M, EV 100.6 MPH)
|
Top of the 7th over - 0 runs, 0 hits, 1 error, 1 left on base; University of Alabama 2 - University of Conneticut 2 |
BOTTOM OF THE 7TH |
University of Conneticut Huskies batting - Pitching for University of Alabama Crimson Tide : LHP Robby Ramires
|
Now at 2B: Rodrik Gardner
|
|
Now in LF: Yu-shu Ni
|
|
Now in CF: Joe Blackwood
|
|
Pinch Hitting: LHB Greg James
|
0-0: Hit by Pitch
|
Pitching: RHP Ryan Kath
|
|
Batting: RHB Jack Vokey
|
0-0: Ball 1-0: Ball 2-0: Ball 3-0: Base on Balls Greg James to second
|
Batting: RHB Lee Wilbur
|
0-0: Bunted foul 0-1: Sac Bunt to 5S - play at first, batter OUT! 5-4 Greg James to third Jack Vokey to second
|
Batting: SHB Ismael Vega
|
0-0: Called Strike 0-1: Swinging Strike 0-2: Ball 1-2: Ball 2-2: Strikes out swinging
|
Batting: RHB Victor Nava
|
0-0: Swinging Strike 0-1: Fly out, F8 (Line Drive, 8RD, EV 86.2 MPH)
|
Bottom of the 7th over - 0 runs, 0 hits, 0 errors, 2 left on base; University of Alabama 2 - University of Conneticut 2 |
TOP OF THE 8TH |
University of Alabama Crimson Tide batting - Pitching for University of Conneticut Huskies : RHP Miguel Perez
|
Now in RF: Greg James
|
|
Batting: RHB Hughie Withers
|
0-0: Hit by Pitch
|
Batting: LHB Danny Schultz
|
0-0: Ball 1-0: Ball Hughie Withers steals 2nd base 2-0: Intentional Walk
|
Pinch Hitting: LHB Adam Antico
|
0-0: Foul Ball, location: 2F 0-1: Ball Wild Pitch! Hughie Withers to third Danny Schultz to second 1-1: Intentional Walk
|
Batting: RHB Larry Brown
|
0-0: Ball 1-0: DOUBLE (Line Drive, 9LM, EV 107.5 MPH) Hughie Withers scores Danny Schultz scores Adam Antico to third
|
Pinch Runner at 2nd Jong-your Lee:
|
|
Batting: RHB Onorato Zacagnini
|
0-0: Intentional Walk
|
Batting: LHB Yu-shu Ni
|
0-0: Foul Ball, location: 2F 0-1: Swinging Strike 0-2: Ball Balk! Adam Antico scores Jong-your Lee to third Onorato Zacagnini to second 1-2: Ball 2-2: Foul Ball, location: 2F 2-2: Strikes out swinging
|
Batting: RHB Rodrik Gardner
|
0-0: Ball 1-0: 3-RUN HOME RUN (Flyball, 7D, EV 97.5 MPH), Distance : 376 ft
|
Batting: LHB Joe Blackwood
|
0-0: Ball 1-0: Called Strike 1-1: Ball 2-1: Swinging Strike 2-2: Ball 3-2: Base on Balls
|
Batting: RHB Fernando Reyes
|
0-0: Called Strike Joe Blackwood steals 2nd, throwing error, E2 Joe Blackwood to third 0-1: Ball 1-1: Foul Ball, location: 2F 1-2: Strikes out swinging
|
Pitching: RHP Paul Pastrano
|
|
Batting: RHB Hughie Withers
|
0-0: Fly out, F8 (Line Drive, 8RD, EV 109.4 MPH)
|
Top of the 8th over - 6 runs, 2 hits, 1 error, 1 left on base; University of Alabama 8 - University of Conneticut 2 |
BOTTOM OF THE 8TH |
University of Conneticut Huskies batting - Pitching for University of Alabama Crimson Tide : RHP Ryan Kath
|
Now at C: Eric Kilmer
|
|
Now at 3B: Jong-your Lee
|
|
Batting: RHB Kyle Finney
|
0-0: Swinging Strike 0-1: SINGLE (Groundball, 6MD, EV 98.8 MPH)
|
Pitching: RHP Gabriel Bass
|
|
Batting: LHB Hector Acosta
|
0-0: Grounds into double play, 1-6-3 (Groundball, 13, EV 74.4 MPH)
|
Batting: RHB Cullen Elliott
|
0-0: Called Strike 0-1: Called Strike 0-2: Foul Ball, location: 2F 0-2: Foul Ball, location: 2F 0-2: SINGLE (Groundball, 4M, EV 90.0 MPH) (infield hit)
|
Batting: LHB Omar Alba
|
0-0: Ball 1-0: Ball 2-0: Swinging Strike 2-1: Foul Ball, location: 2F 2-2: Foul Ball, location: 2F 2-2: Strikes out swinging
|
Bottom of the 8th over - 0 runs, 2 hits, 0 errors, 1 left on base; University of Alabama 8 - University of Conneticut 2 |
TOP OF THE 9TH |
University of Alabama Crimson Tide batting - Pitching for University of Conneticut Huskies : RHP Paul Pastrano
|
Batting: LHB Danny Schultz
|
0-0: Called Strike 0-1: Ball 1-1: Swinging Strike 1-2: Strikes out swinging
|
Batting: RHB Eric Kilmer
|
0-0: Foul Ball, location: 2F 0-1: Ball 1-1: Ball 2-1: SINGLE (Groundball, 4MS, EV 90.0 MPH) (infield hit)
|
Batting: RHB Jong-your Lee
|
0-0: Ball 1-0: Ball 2-0: Called Strike 2-1: Swinging Strike 2-2: Strikes out swinging
|
Batting: RHB Onorato Zacagnini
|
0-0: Swinging Strike 0-1: Ball Wild Pitch! Eric Kilmer to second 1-1: Foul Ball, location: 2F 1-2: Ball 2-2: Ground out U3 (Groundball, 3, EV 88.1 MPH)
|
Top of the 9th over - 0 runs, 1 hit, 0 errors, 1 left on base; University of Alabama 8 - University of Conneticut 2 |
BOTTOM OF THE 9TH |
University of Conneticut Huskies batting - Pitching for University of Alabama Crimson Tide : RHP Gabriel Bass
|
Batting: LHB Greg James
|
0-0: Called Strike 0-1: Called Strike 0-2: Foul Ball, location: 2F 0-2: Ball 1-2: Ball 2-2: Strikes out swinging
|
Batting: RHB Jack Vokey
|
0-0: Ball 1-0: Ball 2-0: Foul Ball, location: 2F 2-1: Foul Ball, location: 2F 2-2: Ball 3-2: SINGLE (Line Drive, 6D, EV 96.9 MPH)
|
Pinch Hitting: RHB Roku Kawano
|
0-0: Ball 1-0: Called Strike 1-1: Fly out, F8 (Line Drive, 8LM, EV 83.8 MPH)
|
Batting: SHB Ismael Vega
|
0-0: Ball 1-0: Called Strike 1-1: Foul Ball, location: 2F 1-2: Ball 2-2: Ball 3-2: Strikes out swinging
|
Bottom of the 9th over - 0 runs, 1 hit, 0 errors, 1 left on base; University of Alabama 8 - University of Conneticut 2 |
|